 Dungeon Crawl Stone Soup version 0.30-a0-613-gdd512c7efb (webtiles) character file.

Game seed: 298924761173742304

256 bmack86 the Trooper (level 5, 0/48 HPs)
             Began as a Minotaur Fighter on Jan 8, 2023.
             Slain by Grinder (7 damage)
             ... on level 3 of the Dungeon.
             The game lasted 00:06:55 (2037 turns).

bmack86 the Trooper (Minotaur Fighter)              Turns: 2037, Time: 00:06:55

Health: 0/48       AC:  8    Str: 23    XL:     5   Next: 92%
Magic:  13/13      EV:  7    Int:  5    God:
Gold:   117        SH:  4    Dex:  9    Spells: 4/4 levels left

rFire   . . .      SeeInvis .    a - +0 war axe
rCold   . . .      Faith    .    c - +0 buckler
rNeg    . . .      Spirit   .    r - +0 chain mail
rPois   .          Reflect  .    (helmet restricted)
rElec   .          Harm     .    l - +2 cloak {rCorr}
rCorr   +          Rampage  .    (no gloves)
Will    .....                    (no boots) Stlth
                                 (no amulet)
HPRegen 0.28/turn                k - ring of flight
MPRegen 0.13/turn                m - ring of magical power

@: corroded, flying
A: horns 2, retaliatory headbutt
a: no special abilities


You were on level 3 of the Dungeon.
You visited 1 branch of the dungeon, and saw 4 of its levels.

You collected 162 gold pieces.
You spent 45 gold pieces at shops.

Inventory:

Hand Weapons
 a - a +0 war axe (weapon)
Missiles
 g - 12 javelins (quivered)
Armour
 c - a +0 buckler (worn)
 l - a +2 cloak of preservation (worn)
 r - a +0 chain mail (worn)
Jewellery
 k - a ring of flight (left hand)
 m - a ring of magical power (right hand)
Scrolls
 b - 4 scrolls of identify
 e - a scroll of teleportation
 f - a scroll of brand weapon
 h - a scroll of amnesia
 i - 2 scrolls of fog
 o - a scroll of noise {unknown}
 q - a scroll of enchant armour {unknown}
Potions
 d - a potion of might
 j - a potion of attraction
 n - a potion of lignification {unknown}
 p - 2 potions of haste


   Skills:
 * Level 5.2 Fighting
 * Level 4.6 Axes
 + Level 1.7 Throwing
 + Level 4.4 Armour
 + Level 4.5 Shields


You had 4 spell levels left.
You didn't know any spells.
Your spell library contained the following spells:

 Spells                   Type           Power      Damage    Failure   Level
 Portal Projectile        Hex/Tloc       0%         N/A       100%        3
 Tukima's Dance           Hex            0%         N/A       100%        3
 Blade Hands              Tmut           0%         N/A       100%        5


Dungeon Overview and Level Annotations

Branches:
Dungeon (4/15)
 Temple: D:4-7

Altars:
Vehumet
Xom

Shops:
D:2 [

Annotations:
D:3 Grinder


Innate Abilities, Weirdness & Mutations

You have a pair of horns on your head.
You reflexively headbutt those who attack you in melee.


Message History

Grinder gestures at you. You resist with significant effort.
You block the hobgoblin's attack. The jelly hits you but does no damage.
You fly upwards.
There is a stone staircase leading down here.
You barely miss Grinder.
Grinder is heavily wounded.
You barely miss the hobgoblin. You slash the jelly!
You kill the jelly!
The hobgoblin hits you. You block Grinder's attack.
You barely miss Grinder. You headbutt Grinder, but do no damage.
Grinder is heavily wounded.
You hit the hobgoblin. You block the hobgoblin's attack.
Grinder gestures at you. Pain shoots through your body!
* * * LOW HITPOINT WARNING * * *
The hobgoblin completely misses you. Grinder barely misses you.
You furiously retaliate!
You headbutt Grinder. You hit Grinder. You headbutt Grinder!
Grinder is severely wounded.
You barely miss the hobgoblin.
The hobgoblin hits you but does no damage.
Grinder hits you.
* * * LOW HITPOINT WARNING * * *
You hit Grinder. Your headbutt misses Grinder.
Grinder is almost dead.
You hit the hobgoblin but do no damage. You block the hobgoblin's attack.
Grinder blinks!
You hit the hobgoblin but do no damage. Your headbutt misses the hobgoblin.
The hobgoblin is moderately wounded.
You block the hobgoblin's attack. Grinder gestures at you.
Pain shoots through your body!
* * * LOW HITPOINT WARNING * * *
The hobgoblin hits you.
* * * LOW HITPOINT WARNING * * *
You closely miss the hobgoblin.
The hobgoblin is moderately wounded.
You hit Grinder but do no damage. Grinder hits you!
You die...

.#######.#######.##.##........##.
..............##.##...>....#..##.
#......#......##.##...........##.
#.....)..####....................
...........#####.##..............
.......#.#............<..#...._..
.........###.....##......#.#....#
.......#.......5.###.#..##.##....
#.#.#.#.#.#.#...@g............###
..............######.#..##.##.# #
#.#.#.#)#.#.#.######.#.....##.###
.......))........................
#.#.#.#.#.#.#.########..#####.###
..............# #.# #............
#)#.#.#.#.#.#.###.#####.##...†###
).)...........#.........##.##.# #
#.#.#.#.#.#.#.#.#######.##.##.# #


You could see Grinder and a hobgoblin.

Vanquished Creatures
  2 orc priests (D:3)
  A jelly (D:3)
  Jessica (D:2)
  3 adders
  3 gnolls (D:3)
  6 worms
  A dart slug (D:1)
  12 orcs (D:3)
  2 bats
  2 endoplasms (D:2)
  2 hobgoblins (D:2)
  3 jackals (D:2)
  3 quokkas
  4 ball pythons
  2 frilled lizards
  7 goblins
  4 kobolds
  5 rats
  A butterfly (D:3)
64 creatures vanquished.

Notes
Turn   | Place    | Note
-------+----------+-------------------------------------------
     0 | D:1      | bmack86 the Minotaur Fighter began the quest for the Orb.
     0 | D:1      | Reached XP level 1. HP: 19/19 MP: 0/0
   146 | D:1      | Reached XP level 2. HP: 27/27 MP: 1/1
   493 | D:2      | Found Egromag's Armour Shoppe.
   594 | D:2      | Reached skill level 4 in Fighting
   965 | D:2      | Noticed Jessica
   982 | D:2      | Killed Jessica
   983 | D:2      | Reached XP level 3. HP: 31/33 MP: 2/2
  1246 | D:2      | Reached XP level 4. HP: 41/41 MP: 3/3
  1308 | D:2      | Bought a +0 chain mail for 45 gold pieces
  1370 | D:3      | Reached skill level 1 in Throwing
  1431 | D:3      | Reached XP level 5. HP: 43/47 MP: 4/4
  1446 | D:3      | Found a shimmering altar of Xom.
  1647 | D:3      | Found a radiant altar of Vehumet.
  1775 | D:3      | Reached skill level 5 in Fighting
  2025 | D:4      | Noticed Grinder
  2037 | D:3      | Slain by Grinder

Illustrated notes

Levels and vault maps discovered:
D:1:      spicycebolla_arrival_risky_transporter, layout_basic
D:2:      layout_basic, serial_shops, shop, uniq_jessica
D:3:      layout_basic, nicolae_vehumet_altar_sigil, xom_butterflies,
          grunt_decor_resistance, st_stairs_11
D:4:      layout_basic, nicolae_ru_great_annihilating_truth, serial_shops,
          nicolae_shop_stone, minmay_crossroads, uniq_grinder, uniq_edmund

Skill      XL: |  1  2  3  4  5 |
---------------+----------------+-----
Fighting       | 4 5 |  5.2
Axes           | 3 4 |  4.6
Armour         | 4 |  4.4
Shields        | 4 |  4.5
Throwing       | 1 |  1.7

Action                   |  1- 3 |  4- 6 || total
-------------------------+-------+-------++-------
Melee: War axe           |    50 |    59 ||   109
       Headbutt          |     4 |    13 ||    17
Throw: Javelin           |       |    11 ||    11
  Use: Scroll            |     2 |     4 ||     6
Armor: Scale mail        |    28 |       ||    28
       Chain mail        |       |    27 ||    27
Dodge: Dodged            |    36 |    23 ||    59
Block: Buckler           |    14 |    14 ||    28

Table legend: (Time is in decaauts)
 A = Elapsed time spent in this place.
 B = Non-inter-level travel time spent in this place.
 C = Inter-level travel time spent in this place.
 D = Time resting spent in this place.
 E = Time spent auto-exploring this place.
 F = Levels seen in this place.
 G = Mean time per level.
                   A        B        C        D        E       F      G
               +--------+--------+--------+--------+--------+-----+--------+
         Total |   2080 |   2000 |     80 |      0 |   1319 |   4 |  520.0 |
       Dungeon |   2080 |   2000 |     80 |      0 |   1319 |   4 |  520.0 |
               +--------+--------+--------+--------+--------+-----+--------+

Top non-repeatable levels by time:
     D:2: 845 daAuts
     D:3: 729 daAuts
     D:1: 498 daAuts
     D:4: 7 daAuts
